 Dungeon Crawl Stone Soup version 0.31-a0-986-g5e6e4ef867 (webtiles) character file.

Game seed: 11690080741093184145

9805 DocClef the Fighter (level 11, -1/111 HPs)
             Began as a Demonspawn Shapeshifter on Nov 5, 2023.
             Was a Believer of Trog.
             Slain by an apocalypse crab (6 damage)
             ... on level 2 of the Abyss.
             The game lasted 00:13:14 (10461 turns).

DocClef the Fighter (Demonspawn Shapeshifter)      Turns: 10461, Time: 00:13:14

Health: -1/111     AC:  9    Str: 23    XL:     11   Next: 27%
Magic:  11/11      EV: 15    Int: 12    God:    Trog [**....]
Gold:   452        SH:  0    Dex: 13    Spells: 10/10 levels left

rFire   + . .        u - melded +3 dagger (venom)
rCold   . . .        (shield currently unavailable)
rNeg    . . .        y - melded +3 leather armour {rF+}
rPois   .            (helmet currently unavailable)
rElec   .            (cloak currently unavailable)
rCorr   .            (gloves currently unavailable)
SInv    .            (boots currently unavailable)
Will    .....        (no amulet)
Stlth   +            g - +5 ring of evasion
HPRegen 0.38/turn    F - ring of protection from fire
MPRegen 0.12/turn

%: no passive effects
@: confused, mighty, snake-form, studying Invocations
A: constrict, boosted hp, large, (thin metallic scales 3), powered by death 1,
powered by pain 1, (demonic touch 2), inability to drink after injury 1
a: Begin Untransformation, Renounce Religion, Berserk, Trog's Hand


You were on level 2 of the Abyss.
You worshipped Trog.
Trog was pleased with you.
You were an enormous anaconda.
You visited 2 branches of the dungeon, and saw 11 of its levels.
You visited the Abyss 1 time.
You also visited: Sewer.

You collected 452 gold pieces.

Inventory:

Hand Weapons
 u - a +3 dagger of venom (melded)
 I - a +0 short sword of protection
Armour
 a - a +0 animal skin
 k - a +1 scale mail
 q - a +2 cloak
 s - a +1 pair of gloves
 y - a +3 leather armour of fire resistance (melded)
 J - a +0 cloak of poison resistance
Jewellery
 g - a +5 ring of evasion (left hand)
 B - a ring of flight
 F - a ring of protection from fire (right hand)
Talismans
 c - a beast talisman
 d - a flux talisman
 K - a serpent talisman (active)
Wands
 i - a wand of polymorph (18)
 n - a wand of paralysis (22)
 o - a wand of light (5)
 v - a wand of mindburst (16)
 C - a wand of iceblast (18)
Scrolls
 e - 3 scrolls of enchant armour
 f - 3 scrolls of brand weapon
 j - 4 scrolls of identify
 l - 3 scrolls of poison
 r - a scroll of enchant weapon
 x - a scroll of vulnerability {unknown}
 D - a scroll of revelation {unknown}
 E - 2 scrolls of teleportation {unknown}
 G - a scroll of amnesia {unknown}
Potions
 b - a potion of lignification
 h - 6 potions of curing
 m - 4 potions of enlightenment
 p - 2 potions of heal wounds
 t - a potion of berserk rage {unknown}
 w - a potion of haste {unknown}
 z - 2 potions of might {unknown}
 A - a potion of magic {unknown}
 H - a potion of ambrosia {unknown}


   Skills:
 + Level 11.5 Fighting
 - Level 3.3 Dodging
 - Level 3.9 Unarmed Combat
 - Level 11.2 Shapeshifting


You had 10 spell levels left.
You didn't know any spells.
Your spell library contained the following spells:

 Spells                   Type           Power      Damage    Failure   Level
 Dazzling Flash           Conj/Hex       0%         N/A       69%         3
 Volatile Blastmotes      Fire/Tloc      0%         2d10      69%         3
 Starburst                Conj/Fire      0%         6d3       100%        6
 Maxwell's Capacitive Co  Air            0%         ∞         100%        8


Dungeon Overview and Level Annotations

Branches:
Dungeon (10/15)            Temple (1/1) D:7            Lair (0/5) D:9
    Orc (0/2) D:10          Sewer (visited)

Altars:
Ashenzari
Cheibriados
Dithmenos
Fedhas
Gozag
Hepliaklqana
Kikubaaqudgha
Makhleb
Nemelex Xobeh
Okawaru
Qazlal
Ru
Sif Muna
Trog
Uskayaw
Vehumet
Wu Jian
Xom
Yredelemnul

Shops:
D:2 [

Annotations:
D:10 Erolcha


Innate Abilities, Weirdness & Mutations

You are an enormous anaconda.
You have a powerful constriction melee attack.
Your maximum health is increased.
Your armour is entirely melded.
You are incapable of wielding weapons or throwing items.
((You are completely covered in thin metallic scales. (AC +4, rElec)))
You regenerate a little health from kills.
You sometimes gain a little power by taking damage.
((Your touch may inflict irresistible damage on your foes.))
You occasionally lose the ability to drink potions when taking damage.


Message History

You bump into the rock wall.
An apocalypse crab comes into view.
The cacodemon gestures at the rock wall.
You hear a grinding noise.
You're too confused to move!
You bump into the rock wall.
The cacodemon gestures at you. The bolt of energy hits you!
You focus on the pain.
You feel very mighty all of a sudden.
You lash the chaos spawn!
The chaos spawn is moderately wounded.
Some rock shatters into small pieces.
The chaos spawn hits you!
You are engulfed in flames.
You resist.
You feel less confused. The cacodemon gestures at you.
You are confused.
The chaos spawn hits you but does no damage.
You bump into the rock wall.
The chaos spawn gores you.
You feel your power leaking away.
You bump into the rock wall.
The chaos spawn gores you! The chaos spawn shocks you!
You miss the chaos spawn.
The chaos spawn is moderately wounded.
The chaos spawn gores you! The chaos spawn freezes you!
You feel yourself slow down.
* * * LOW HITPOINT WARNING * * *
You closely miss the chaos spawn.
The chaos spawn is moderately wounded.
The cacodemon gestures at you.
Strange energies course through your body.
You occasionally lose the ability to drink potions when taking damage.
The chaos spawn hits you!
* * * LOW HITPOINT WARNING * * *
You focus on the pain.
You feel your power returning.
You are engulfed in flames.
You resist.
* * * LOW HITPOINT WARNING * * *
You feel yourself speed up. The cacodemon gestures next to you.
Some rock shatters into small pieces.
The apocalypse crab bites you.
You die...

.. .
#.......# .
........##
##.
#.........
.. #.......#
#. #.......#
##.##......
##...##.#.#
#.....4S.#
##...#t.##
##.##2.....#
#. .......#
##.......#
.#
..#.......
##
..##..##...
... #... #..
... .... ..


You could see a cacodemon, an apocalypse crab and a chaos spawn.

Vanquished Creatures
  A hydra (D:10)
  4 two-headed ogres
  Joseph (D:7)
  Maurice (D:9)
  A troll (D:10)
  A meliai (shapeshifter) (Abyss:2)
  Grinder (D:3)
  9 yaks
  A water moccasin (D:8)
  5 orc warriors
  2 sky beasts (D:6)
  2 ice beasts
  2 ogres
  5 black bears
  A centaur (D:9)
  3 phantoms
  3 kobold brigands
  A bullfrog (D:7)
  A scorpion (D:5)
  4 necrophages (D:6)
  A wyvern zombie (D:6)
  2 small abominations (Abyss:2)
  5 killer bees (D:8)
  2 howler monkeys (D:4)
  A bullfrog zombie (D:6)
  A human zombie (D:6)
  4 hounds
  4 jellies
  11 orc priests
  A sleepcap (D:6)
  4 iguanas
  15 orc wizards
  A killer bee zombie (D:6)
  3 mummies (D:6)
  A howler monkey zombie (D:6)
  5 adders
  A river rat (Sewer)
  A shadow imp (D:8)
  A white imp (D:5)
  4 ufetubi
  5 worms
  2 dart slugs (D:2)
  53 orcs
  5 ball pythons
  6 endoplasms
  6 giant cockroaches
  11 hobgoblins
  6 jackals
  22 kobolds
  6 quokkas
  7 bats
  2 frilled lizards (D:1)
  6 goblins
  9 rats
263 creatures vanquished.

Vanquished Creatures (others)
  An orc (D:10)
1 creature vanquished.

Grand Total: 264 creatures vanquished

Notes
Turn   | Place    | Note
-------+----------+-------------------------------------------
     0 | D:1      | DocClef the Demonspawn Shapeshifter began the quest for the
                  | Orb.
     0 | D:1      | Reached XP level 1. HP: 15/15 MP: 1/1
   203 | D:1      | Gained mutation: You sometimes gain a little power by
                  | taking damage. [demonic ancestry]
   203 | D:1      | Reached XP level 2. HP: 16/21 MP: 2/2
   698 | D:2      | Gained mutation: Your touch may inflict minor irresistible
                  | damage on your foes. [demonic ancestry]
   698 | D:2      | Reached XP level 3. HP: 25/27 MP: 3/3
  1011 | D:2      | Found Monoad's Armour Shop.
  1240 | D:2      | Found a faded altar of an unknown god.
  1415 | D:3      | Gained mutation: You regenerate a little health from kills.
                  | [demonic ancestry]
  1415 | D:3      | Reached XP level 4. HP: 33/33 MP: 4/4
  1780 | D:3      | Found a large runed translucent door.
  1784 | D:3      | Found a large runed translucent door.
  2102 | D:3      | Noticed Grinder
  2114 | D:3      | Killed Grinder
  2115 | D:3      | Reached XP level 5. HP: 15/41 MP: 5/5
  2115 | D:3      | Reached XP level 6. HP: 18/47 MP: 6/6
  2467 | D:3      | Found a sacrificial altar of Ru.
  2476 | D:3      | Found a sparkling altar of Nemelex Xobeh.
  2705 | D:4      | Reached XP level 7. HP: 31/52 MP: 7/7
  3001 | D:4      | Reached skill level 5 in Shapeshifting
  3467 | D:5      | Entered Level 5 of the Dungeon
  3539 | D:5      | Found a glowing drain.
  3554 | Sewer    | Entered a sewer
  3767 | D:5      | Gained mutation: You are partially covered in thin metallic
                  | scales. (AC +2) [demonic ancestry]
  3767 | D:5      | Reached XP level 8. HP: 28/58 MP: 8/8
  4745 | D:6      | Gained mutation: You are mostly covered in thin metallic
                  | scales. (AC +3) [demonic ancestry]
  4745 | D:6      | Reached XP level 9. HP: 63/64 MP: 9/9
  4851 | D:6      | Found an ancient bone altar of Kikubaaqudgha.
  5314 | D:6      | Reached skill level 10 in Shapeshifting
  5616 | D:6      | Noticed a two-headed ogre
  5733 | D:6      | Killed a two-headed ogre
  5996 | D:7      | Noticed Joseph
  6381 | D:7      | Killed Joseph
  6382 | D:7      | Gained mutation: You are completely covered in thin
                  | metallic scales. (AC +4, rElec) [demonic ancestry]
  6382 | D:7      | Reached XP level 10. HP: 29/73 MP: 10/10
  6704 | D:7      | Found a staircase to the Ecumenical Temple.
  6736 | D:7      | Found a bloodstained altar of Trog.
  6755 | Temple   | Entered the Ecumenical Temple
  6776 | D:7      | Became a worshipper of Trog the Wrathful
  7119 | D:8      | Found a snail-covered altar of Cheibriados.
  7140 | D:8      | Reached skill level 5 in Fighting
  8795 | D:9      | Noticed a two-headed ogre
  8838 | D:9      | Reached * piety under Trog
  8846 | D:9      | Killed a two-headed ogre
  9495 | D:9      | Found a staircase to the Lair.
  9522 | D:9      | Noticed a two-headed ogre
  9528 | D:9      | Killed a two-headed ogre
  9701 | D:10     | Entered Level 10 of the Dungeon
  9704 | D:10     | Noticed a two-headed ogre
  9705 | D:10     | Noticed a four-headed hydra
  9715 | D:10     | Killed a four-headed hydra
  9716 | D:10     | Reached skill level 10 in Fighting
  9718 | D:10     | HP: 5/127 [two-headed ogre/+0 giant spiked club (8)]
  9722 | D:10     | Killed a two-headed ogre
  9723 | D:10     | Gained mutation: Your touch may inflict irresistible damage
                  | on your foes. [demonic ancestry]
  9723 | D:10     | Reached XP level 11. HP: 6/92 MP: 11/11
  9948 | D:9      | Noticed Maurice
  9951 | D:9      | Something stole a ring of protection from fire
  9954 | D:9      | Something stole a flux talisman
  9958 | D:9      | Something stole 383 gold
  9962 | D:9      | Killed Maurice
 10128 | D:10     | Found a staircase to the Orcish Mines.
 10156 | D:10     | Reached ** piety under Trog
 10287 | D:10     | Noticed Erolcha
 10294 | Abyss:2  | Cast into level 2 of the Abyss (Erolcha)
 10449 | Abyss:2  | Noticed a cacodemon
 10460 | Abyss:2  | Gained mutation: You occasionally lose the ability to drink
                  | potions when taking damage. [a cacodemon]
 10460 | Abyss:2  | HP: 4/111 [chaos spawn (3)]
 10461 | Abyss:2  | Slain by an apocalypse crab

Illustrated notes

Levels and vault maps discovered:
D:1:      scummos_arrival_checkerplants, layout_rooms
D:2:      layout_loops_ring, serial_shops, shop, ebering_ecumenical_altar_hall,
          minmay_vboxes
D:3:      layout_loops_corners, jmf_multi_god_temple2, uniq_grinder
D:4:      layout_basic, minmay_misc_feat_tiny, kennysheep_potato
D:5:      layout_loops_ring, portal_sewer_entry_f, kennysheep_windowed_goal
D:6:      layout_gridville, lemuel_mausoleum_altar_kikubaaqudgha
D:7:      layout_basic, bloody_trog, minmay_temple_entry_sparse_star,
          uniq_joseph
D:8:      layout_basic, mainiacjoe_overflow_six_doors_small, enter_bailey_2
D:9:      layout_stronghold, lair_entry_dummy, nicolae_tricolors, uniq_maurice
D:10:     minmay_goldmine, layout_loops_cross, david_orc_2, uniq_erolcha
Temple:   minmay_crystal_spiral_temple
Abyss:2:  base:
D:2

Skill      XL: |  1  2  3  4  5  6  7  8  9 10 11 |
---------------+----------------------------------+-----
Dodging        | 2 3 |  3.3
Unarmed Combat | 3 |  3.9
Shapeshifting  | 3 4 7 9 11 | 11.2
Fighting       | 2 3 4 10 11 | 11.5

Action                     |  1- 3 |  4- 6 |  7- 9 | 10-12 || total
---------------------------+-------+-------+-------+-------++-------
  Melee: Unarmed           |   134 |    89 |    38 |    54 ||   315
         Punch             |     2 |     2 |    13 |     6 ||    23
         Touch             |     6 |    18 |    72 |    51 ||   147
         Dagger            |       |       |   351 |   241 ||   592
         Constrict         |       |       |       |    16 ||    16
 Invoke: Berserk           |       |       |       |     1 ||     1
    Use: Scroll            |       |       |     6 |     3 ||     9
         Potion            |       |       |     3 |       ||     3
 Armour: Animal skin       |    21 |       |       |       ||    21
         Scale mail        |    13 |    37 |   214 |       ||   264
         Leather armour    |       |       |       |   135 ||   135
         Skin              |       |       |       |    30 ||    30
  Dodge: Dodged            |    99 |    55 |   277 |   228 ||   659
   Form: Anaconda          |       |       |       |     1 ||     1

Table legend: (Time is in decaauts)
 A = Elapsed time spent in this place.
 B = Non-inter-level travel time spent in this place.
 C = Inter-level travel time spent in this place.
 D = Time resting spent in this place.
 E = Time spent auto-exploring this place.
 F = Levels seen in this place.
 G = Mean time per level.
                   A        B        C        D        E       F      G
               +--------+--------+--------+--------+--------+-----+--------+
         Total |  10482 |   9973 |    509 |   1306 |   6850 |  13 |  806.3 |
       Dungeon |  10161 |   9652 |    509 |   1306 |   6670 |  10 | 1016.1 |
        Temple |      1 |      1 |      0 |      0 |      0 |   1 |    1.0 |
         Abyss |    166 |    166 |      0 |      0 |     78 |   1 |  166.0 |
         Sewer |    153 |    153 |      0 |      0 |    102 |   1 |  153.0 |
               +--------+--------+--------+--------+--------+-----+--------+

Top non-repeatable levels by time:
     D:6: 1617 daAuts
     D:8: 1443 daAuts
     D:9: 1298 daAuts
     D:3: 1114 daAuts
     D:7: 1033 daAuts
     D:4: 986 daAuts
     D:5: 913 daAuts
     D:2: 826 daAuts
     D:1: 556 daAuts
    D:10: 371 daAuts
 Abyss:2: 166 daAuts
   Sewer: 153 daAuts
  Temple: 1 daAuts
